 Dungeon Sprint DCSS version 0.30-a0-137-gd8773701ce (webtiles) character file.

Game seed: 18161989936633271377

1091 Pilot the Grappler (level 8, -4/84 HPs)
             Began as a Troll Fighter on Sept 22, 2022.
             Slain by a demonic crawler (12 damage)
             ... in the Dungeon (Sprint I: "Red Sonja").
             The game lasted 00:04:19 (277 turns).

Pilot the Grappler (Troll Fighter)                   Turns: 277, Time: 00:04:20

Health: -4/84      AC:  4    Str: 25    XL:     8   Next: 9%
Magic:  7/7        EV: 11    Int:  4    God:
Gold:   270        SH: 10    Dex: 11    Spells: 7/7 levels left

rFire   . . .      SeeInvis .      - Unarmed
rCold   . . .      Faith    .    b - +0 kite shield
rNeg    . . .      Spirit   .    a - +0 robe
rPois   .          Reflect  .    (helmet restricted)
rElec   .          Harm     .    (no cloak)
rCorr   .          Rampage  .    (gloves unavailable)
Will    .....      NoTele   +    (boots unavailable)
Stlth   +.........               (no amulet)
HPRegen 1.04/turn                (no ring)
MPRegen 0.10/turn                (no ring)

@: weakened
A: large, unfitting armour, claws 3, regeneration 1, shaggy fur 1, tough skin 1
a: no special abilities


You were in the Dungeon.
You visited 1 branch You collected 270 gold pieces.

Inventory:

Armour
 a - a +0 robe (worn)
 b - a +0 kite shield (worn)
Wands
 k - a wand of flame (10)
Scrolls
 i - a scroll of blinking
 j - a scroll of identify {unknown}
Potions
 c - a potion of might
 d - 2 potions of curing
 e - a potion of heal wounds
 f - a potion of haste
 g - 2 potions of magic
 h - a potion of berserk rage


   Skills:
 + Level 6.8 Fighting
 + Level 8.3 Dodging
 + Level 0.6 Stealth
 + Level 8.6 Shields
 + Level 9.9 Unarmed Combat


You had 7 spell levels left.
You didn't know any spells.
Your spell library was empty.

Dungeon Overview and Level Annotations

Branches:
Dungeon (1/1)

Altars:
Makhleb
Sif Muna
Vehumet
Wu Jian
Xom
Jiyva
Lugonu


Innate Abilities, Weirdness & Mutations

You are too large for most types of armour.
You have claws for hands.
Your natural rate of healing is unusually fast.
You are covered in fur. (AC +1)
You have tough skin. (AC +1)


Message History

You barely miss the demonic crawler.
You scratch the demonic crawler but do no damage.
The demonic crawler misses you. The demonic crawler barely misses you.
The demonic crawler hits you. The demonic crawler hits you!
You block the demonic crawler's attack.
The demonic crawler completely misses you.
The demonic crawler shrieks in warning!
You barely miss the demonic crawler.
The demonic crawler shrieks in warning! x2
The demonic crawler hits you. You block the demonic crawler's attack.
The demonic crawler hits you.
The demonic crawler shrieks in warning!
You hear an angry buzzing noise.
You claw the demonic crawler!
The demonic crawler is moderately wounded.
The demonic crawler shrieks in warning!
The demonic crawler hits you but does no damage.
The demonic crawler hits you!
* * * LOW HITPOINT WARNING * * *
You block the demonic crawler's attack. x2
The demonic crawler closely misses you.
The demonic crawler hits you but does no damage.
The demonic crawler shrieks in warning!
The demonic crawler hits you but does no damage.
The demonic crawler hits you.
* * * LOW HITPOINT WARNING * * *
You block the demonic crawler's attack.
Things that are here:
a +0 dagger; a +0 robe; a kobold corpse The demonic crawler shrieks in warning!
The demonic crawler hits you!
* * * LOW HITPOINT WARNING * * *
You block the demonic crawler's attack. The demonic crawler hits you.
* * * LOW HITPOINT WARNING * * *
There is an open door, spattered with blood here.
You claw the demonic crawler!
The demonic crawler is moderately wounded.
You block the demonic crawler's attack. The demonic crawler closely misses you.
You block the demonic crawler's attack. The demonic crawler hits you!
You die...

#####################
.').#..'..#__#..@ss.#
.#..)..#..'..'..#s.s##+#
###'#####'#__####...'..#
#..# #.#### #####..+
#### #.# ## #_.+ ..._#
#_.#+# ##+


You could see 4 demonic crawlers.

Vanquished Creatures
  2 kobold demonologists (D)
  A slime creature (D)
  Sigmund (D)
  A floating eye (D)
  An ogre (D)
  A jelly (D)
  Ijyb (D)
8 creatures vanquished.

Notes
Turn   | Place    | Note
-------+----------+-------------------------------------------
     0 | D        | Pilot the Troll Fighter began the quest for the Orb.
     0 | D        | Reached XP level 1. HP: 22/22 MP: 0/0
     1 | D        | Noticed Ijyb
    25 | D        | Killed Ijyb
    26 | D        | Reached XP level 2. HP: 29/31 MP: 1/1
    28 | D        | Noticed an ogre
    34 | D        | Killed an ogre
    35 | D        | Reached skill level 5 in Shields
    35 | D        | Reached skill level 4 in Unarmed Combat
    35 | D        | Reached XP level 3. HP: 10/40 MP: 2/2
    35 | D        | Reached XP level 4. HP: 12/49 MP: 3/3
    71 | D        | Noticed Sigmund
    89 | D        | Killed Sigmund
    90 | D        | Reached skill level 5 in Fighting
    90 | D        | Reached skill level 5 in Unarmed Combat
    90 | D        | Reached XP level 5. HP: 31/57 MP: 4/4
    90 | D        | Reached XP level 6. HP: 35/66 MP: 5/5
   133 | D        | Found a burning altar of Makhleb.
   133 | D        | Found a viscous altar of Jiyva.
   133 | D        | Found a shimmering altar of Xom.
   133 | D        | Found a corrupted altar of Lugonu.
   133 | D        | Noticed a slime creature
   148 | D        | Killed a slime creature
   149 | D        | Reached skill level 7 in Unarmed Combat
   222 | D        | Found an ornate altar of the Wu Jian Council.
   222 | D        | Found a shimmering blue altar of Sif Muna.
   224 | D        | Found a radiant altar of Vehumet.
   253 | D        | Noticed a kobold demonologist
   253 | D        | Noticed a floating eye
   254 | D        | Noticed a kobold demonologist
   257 | D        | Noticed a soul eater
   258 | D        | Paralysed by a floating eye for 2 turns
   261 | D        | Killed a kobold demonologist
   262 | D        | Reached skill level 8 in Unarmed Combat
   262 | D        | Reached XP level 7. HP: 53/76 MP: 6/6
   262 | D        | Noticed an orange demon
   264 | D        | Reached skill level 9 in Unarmed Combat
   266 | D        | Killed a kobold demonologist
   267 | D        | Reached XP level 8. HP: 45/84 MP: 7/7
   269 | D        | Noticed a demonic crawler
   269 | D        | Noticed a demonic crawler
   269 | D        | Noticed a demonic crawler
   269 | D        | Noticed a demonic crawler
   277 | D        | Slain by a demonic crawler

Illustrated notes

Levels and vault maps discovered:
D:        dungeon_sprint_1 [red_sonja_temple_1, red_sonja_temple_small_1]

Skill      XL: |  1  2  3  4  5  6  7 |
---------------+----------------------+-----
Fighting       | 3 4 5 6 |  6.8
Dodging        | 3 4 6 7 8 |  8.3
Shields        | 3 5 6 8 |  8.6
Unarmed Combat | 4 5 8 9 |  9.9
Stealth        | |  0.6

Action                   |  1- 3 |  4- 6 |  7- 9 || total
-------------------------+-------+-------+-------++-------
Melee: Unarmed           |    28 |    34 |     9 ||    71
Armor: Robe              |     1 |     1 |     3 ||     5
Dodge: Dodged            |     9 |    11 |     6 ||    26
Block: Kite shield       |     5 |     5 |    10 ||    20

Table legend: (Time is in decaauts)
 A = Elapsed time spent in this place.
 B = Non-inter-level travel time spent in this place.
 C = Inter-level travel time spent in this place.
 D = Time resting spent in this place.
 E = Time spent auto-exploring this place.
 F = Levels seen in this place.
 G = Mean time per level.
                   A        B        C        D        E       F      G
               +--------+--------+--------+--------+--------+-----+--------+
         Total |    278 |    246 |     32 |      0 |     44 |   1 |  278.0 |
       Dungeon |    278 |    246 |     32 |      0 |     44 |   1 |  278.0 |
               +--------+--------+--------+--------+--------+-----+--------+

Top non-repeatable levels by time:
       D: 278 daAuts
